[Event "Late-Titled-Tuesday-Blitz-May-07-2024"]
[Site "Chess.com"]
[Date "2024.05.07"]
[Round "7"]
[White "merinasian"]
[Black "Hirna2005"]
[Result "0-1"]
[WhiteElo "2463"]
[BlackElo "2337"]
[TimeControl "180+1"]
[EndTime "15:16:13 PDT"]
[Termination "Hirna2005 won by resignation"]

1. d4 g6 2. Nf3 Bg7 3. Bf4 d6 4.
e3 Nf6 5. h3 O-O 6. Be2 Nbd7 7.
O-O b6 8. c4 Bb7 9. Nc3 Re8 10.
d5 e5 11. Bh2 a5 12. a3 Re7 13. b4 Ne8 14. e4 Nef6 15. Nd2 h5 16. Kh1 Nh7 17. f3 Ng5 18. Bg1 Bh6 19. Nb3 axb4 20. axb4 Kg7 21. Rxa8 Qxa8 22. c5 bxc5 23. bxc5 Nxc5 24.
Nxc5 dxc5 25. Bxc5 Rd7 26. Bb5 Rd8 27. Qc2 c6 28. Bc4 cxd5 29. Bxd5 Qc8 30. Qf2 Rd7 31.
h4 Ne6 32. Bxe6 fxe6 33. Nb5 Rd2 34. Nd6 Rxf2 35. Bxf2 Qa8 36. Rc1 Bc6 37. Bg3 Bxc1 38.
Bxe5+ Kh7 0-1

[Event "Late-Titled-Tuesday-Blitz-May-07-2024"]
[Site "Chess.com"]
[Date "2024.05.07"]
[Round "7"]
[White "dennisodessa"]
[Black "kalxandria"]
[Result "1-0"]
[WhiteElo "2542"]
[BlackElo "2230"]
[TimeControl "180+1"]
[EndTime "15:16:14 PDT"]
[Termination "dennisodessa won by resignation"]

1. d4 Nf6 2. c4 g6 3. Nc3 Bg7 4.
e4 d6 5. f3 O-O 6. Be3 e5 7.
d5 c6 8. Bd3 b5 9. cxb5 cxd5 10. exd5 a6 11. Nge2 axb5 12. Bxb5 Ba6 13. O-O Bxb5 14.
Nxb5 Qa5 15. Nec3 Ra6 16. Rb1 Nbd7 17. b4 Qd8 18. a4 Nb6 19. a5 Nc4 20. Bf2 e4 21.
Nxe4 Nxe4 22. fxe4 Ne5 23. Nd4 h5 24. h3 Qd7 25. Qe2 Raa8 26. a6 Rfc8 27. b5 Nc4 28.
Nc6 Ne5 29. a7 Nxc6 30. bxc6 Qe7 31. Rb7 Rc7 32. Rfb1 Kh7 33. Qb5 Qxe4 34. Rxc7 Bd4 35. Bxd4 Qxd4+ 36. Kh1 Rxa7 37. Rxa7 Qxa7 38. Rf1 1-0

[Event "Late-Titled-Tuesday-Blitz-May-07-2024"]
[Site "Chess.com"]
[Date "2024.05.07"]
[Round "7"]
[White "WilsonPalencia21"]
[Black "ameetghasi100"]
[Result "1-0"]
[WhiteElo "2574"]
[BlackElo "2788"]
[TimeControl "180+1"]
[EndTime "15:16:15 PDT"]
[Termination "WilsonPalencia21 won by resignation"]

1. d4 g6 2. c4 d6 3. Nf3 Nf6 4. Nc3 Bg7 5. e4 O-O 6. Be2 Bg4 7. O-O a6 8. Be3 Nfd7 9. Ne1 Bxe2 10. Nxe2 c5 11. Qd2 Nc6 12. d5 Nce5 13. Rc1 b5 14.
b3 bxc4 15. bxc4 Nb6 16. f4 Nexc4 17. Qd3 Nxe3 18. Qxe3 Rb8 19. Nf3 Qd7 20. Rfd1 Qa4 21. e5 Nc4 22. Qe4 Rb4 23. Nc3 Qa3 24. exd6 exd6 25.
Nb1 Qxa2 26. Nc3 Bxc3 27. Rxc3 Nb2 28. Qc2 Qa5 29. Re1 Nc4 30. f5 Qb5 31. f6 Rb2 32. Qc1 Nd2 33. Nxd2 Rb8 34. Nf3 Rb1 35. Qh6 1-0

[Event "Late-Titled-Tuesday-Blitz-May-07-2024"]
[Site "Chess.com"]
[Date "2024.05.07"]
[Round "7"]
[White "DeTimmerman"]
[Black "Reyson01"]
[Result "1-0"]
[WhiteElo "2764"]
[BlackElo "2521"]
[TimeControl "180+1"]
[EndTime "15:16:15 PDT"]
[Termination "DeTimmerman won by checkmate"]

1. b4 e5 2. Bb2 Bxb4 3. Bxe5 Nf6 4. Nc3 O-O 5. Bxf6 Qxf6 6. Nd5 Qd4 7. Nxb4 Qxb4 8. Nf3 Nc6 9. e3 d5 10. Bd3 h6 11.
Rb1 Qd6 12. O-O b6 13. Be2 Bf5 14. d4 Nb4 15. Rb2 a5 16. Ne5 f6 17. Nd3 Nxd3 18. Bxd3 Bd7 19. c4 dxc4 20. Bxc4+ Be6 21. Qb3 Bxc4 22. Qxc4+ Kh8 23. Rc1 Rac8 24. Qc6 Qe7 25. h3 Rfd8 26. a4 Rd6 27. Qb7 Qd7 28. Rbc2 c5 29.
Qxd7 Rxd7 30. dxc5 bxc5 31. Rxc5 Rxc5 32. Rxc5 Rd1+ 33.
Kh2 Ra1 34. Rxa5 Kh7 35. g4 Kg6 36. Kg3 Rg1+ 37. Kf3 Rh1 38. Kg2 Ra1 39. h4 h5 40.
gxh5+ Kh6 41. e4 Ra3 42. f3 Ra1 43. Kg3 Rg1+ 44. Kh2 Rf1 45. Kg2 Ra1 46. Ra7 Kxh5 47.
Kg3 Rg1+ 48. Kf4 Kxh4 49. a5 Rg5 50. a6 Ra5 51. Rxg7 Rxa6 52. Rh7# 1-0

[Event "Late-Titled-Tuesday-Blitz-May-07-2024"]
[Site "Chess.com"]
[Date "2024.05.07"]
[Round "7"]
[White "manmanlai1"]
[Black "GoltsevDmitry2000"]
[Result "0-1"]
[WhiteElo "2581"]
[BlackElo "2747"]
[TimeControl "180+1"]
[EndTime "15:16:16 PDT"]
[Termination "GoltsevDmitry2000 won on time"]

1. e4 e6 2. d4 d5 3. Nc3 c5 4. exd5 exd5 5. Bb5+ Nc6 6. Nf3 Nf6 7. O-O Be7 8. dxc5 Bxc5 9. Bg5 O-O 10. h3 a6 11.
Bd3 h6 12. Bh4 Qd6 13. Kh1 Re8 14. a3 Nh5 15. b4 Ba7 16. Nxd5 Be6 17. c4 Rad8 18.
Bxd8 Rxd8 19. Be4 Bb8 20. c5 Qd7 21. Nb6 Qc7 22. Qe1 Nd4 23. g3 Bxh3 24. Rg1 Nf6 25. Nxd4 Rxd4 26. Bf3 Rh4 27. Rg2 Bg4+ 28. Kg1 Bxf3 29.
Rh2 Rxh2 30. Kxh2 Qd8 31. Kg1 Qd4 32. Rc1 Qg4 33. Qe3 Bxg3 34. fxg3 Qxg3+ 35. Kf1 Qg2+ 36. Ke1 Ne4 37. Nd5 Qh1+ 0-1

[Event "Late-Titled-Tuesday-Blitz-May-07-2024"]
[Site "Chess.com"]
[Date "2024.05.07"]
[Round "7"]
[White "Tibmat"]
[Black "JG-17"]
[Result "1-0"]
[WhiteElo "2683"]
[BlackElo "2559"]
[TimeControl "180+1"]
[EndTime "15:16:17 PDT"]
[Termination "Tibmat won by resignation"]

1. c4 Nf6 2. g3 g6 3. Bg2 Bg7 4. Nc3 O-O 5. e4 d6 6. Nge2 e5 7. O-O c5 8. a3 Nc6 9. Rb1 a5 10. d3 Ne8 11. Be3 f5 12. exf5 gxf5 13. f4 Nf6 14. h3 Nd4 15. b4 axb4 16. axb4 Nxe2+ 17. Qxe2 Nd7 18. Nd5 Re8 19. fxe5 Nxe5 20. bxc5 dxc5 21. Bxc5 Ng6 22. Qf2 Ne5 23. Rfd1 Qg5 24. Nc7 Bd7 25. Nxa8 Rxa8 26. Rxb7 Ba4 27. Rf1 Nxd3 28. Qxf5 Qxf5 29. Rxf5 Nxc5 30. Rxg7+ Kxg7 31. Bxa8 Ne6 32. Bd5 Nd4 33. Rf7+ Kg6 34. Kf2 Bc2 35. h4 h5 36. Rf4 Nf5 37.
Be4 Bxe4 38. Rxe4 Nd6 39. Re6+ Kf5 40. Rxd6 1-0

[Event "Late-Titled-Tuesday-Blitz-May-07-2024"]
[Site "Chess.com"]
[Date "2024.05.07"]
[Round "7"]
[White "HipsterChess22"]
[Black "1g60-1"]
[Result "0-1"]
[WhiteElo "2212"]
[BlackElo "2430"]
[TimeControl "180+1"]
[EndTime "15:16:17 PDT"]
[Termination "1g60-1 won on time"]

1. d4 e6 2. Nc3 d5 3. e4 Bb4 4. exd5 exd5 5. Bd3 Nc6 6. a3 Ba5 7. Ne2 Nf6 8. O-O h6 9. Be3 a6 10. h3 O-O 11. b4 Bb6 12. Na4 Re8 13. Nxb6 cxb6 14. Ng3 Qd6 15. Qf3 Ne7 16. Rfe1 Bd7 17. Bf4 Qc6 18. Re2 Ng6 19. Rxe8+ Rxe8 20. Be3 Qc3 21.
Qd1 Qc7 22. Qd2 Ne4 23. Nxe4 dxe4 24. Be2 f5 25. Bh5 Qd6 26. g3 Rc8 27. Bxg6 Qxg6 28. d5 f4 29. Bxf4 Bxh3 30. d6 Bg4 31. d7 Rd8 32.
Qd5+ Kh7 33. Re1 Rxd7 34. Qxe4 Bf5 0-1

[Event "Late-Titled-Tuesday-Blitz-May-07-2024"]
[Site "Chess.com"]
[Date "2024.05.07"]
[Round "7"]
[White "RuperezA"]
[Black "GMKrikor"]
[Result "0-1"]
[WhiteElo "2657"]
[BlackElo "2844"]
[TimeControl "180+1"]
[EndTime "15:16:18 PDT"]
[Termination "GMKrikor won by resignation"]

1. e4 c5 2. Nf3 Nc6 3. Bb5 Nf6 4. d3 Qa5+ 5. Nc3 Nd4 6. Bc4 b5 7. Bb3 Nxb3 8. cxb3 b4 9. Ne2 e6 10. O-O Be7 11. Ng3 O-O 12. Re1 Ba6 13. Qc2 Qb5 14.
Qc4 Qb7 15. Qc2 d5 16. Bg5 h6 17. Be3 Rac8 18. Rad1 Rfd8 19. Qc1 Bf8 20. e5 Nd7 21. Qd2 c4 22. dxc4 dxc4 23. bxc4 Bxc4 24. Qd4 Bd5 25. Qxa7 Qxa7 26. Bxa7 Ra8 27. Bd4 Rxa2 28. Ra1 Rda8 29. Rxa2 Rxa2 30. Ne4 Nb8 31. Nd6 Nc6 32. Bc5 Rxb2 33. Nd4 Nxe5 34. h4 Nd3 0-1

[Event "Late-Titled-Tuesday-Blitz-May-07-2024"]
[Site "Chess.com"]
[Date "2024.05.07"]
[Round "7"]
[White "Onthequiet"]
[Black "Felix-Rose"]
[Result "1-0"]
[WhiteElo "2398"]
[BlackElo "2223"]
[TimeControl "180+1"]
[EndTime "15:16:19 PDT"]
[Termination "Onthequiet won by resignation"]

1. Nf3 d5 2. b3 Nf6 3. Bb2 g6 4. g3 Bg7 5. Bg2 c5 6. e3 Nc6 7. O-O O-O 8. c4 d4 9. exd4 cxd4 10. d3 a5 11. a3 Bf5 12. Nh4 Bg4 13. Qc2 e5 14.
Nd2 Qd7 15. Rfe1 Rfe8 16. Nhf3 Bh3 17. Ng5 Bxg2 18. Kxg2 Qc7 19. Re2 Nd7 20. Rae1 h6 21. Ngf3 Rf8 22. h4 f5 23. c5 Kh7 24. Qc4 Ne7 25. Nxd4 Qxc5 26. Ne6 Qxc4 27. Nxc4 Rfc8 28. Nxg7 Kxg7 29. Nxe5 Nxe5 30. Rxe5 Nc6 31. Re7+ Kf8 32. Rxb7 Nd8 33. Rh7 Rc2 34. Bf6 Nf7 35. Re7 1-0

[Event "Late-Titled-Tuesday-Blitz-May-07-2024"]
[Site "Chess.com"]
[Date "2024.05.07"]
[Round "7"]
[White "Hilary46"]
[Black "campochess"]
[Result "1-0"]
[WhiteElo "2699"]
[BlackElo "2169"]
[TimeControl "180+1"]
[EndTime "15:16:20 PDT"]
[Termination "Hilary46 won by resignation"]

1. e4 c5 2. Nf3 Nc6 3. d4 cxd4 4. Nxd4 e5 5. Nb5 a6 6. Nd6+ Bxd6 7. Qxd6 Qe7 8. Qxe7+ Ngxe7 9. c3 d5 10. exd5 Nxd5 11. Nd2 O-O 12. Nc4 f6 13. Ne3 Nf4 14. Bc4+ Be6 15. Bxe6+ Nxe6 16. O-O Rfd8 17. Nc2 Rd7 18. Be3 Ne7 19. Rfd1 Rad8 20. Rxd7 Rxd7 21. Kf1 Nd5 22. Rd1 Nxe3+ 23. Nxe3 Rxd1+ 24. Nxd1 Kf7 25. Ke2 Nc5 26. b4 Ne6 27. Ne3 Nf4+ 28. Kd2 Ke6 29. c4 g6 30. a4 Kd6 31. a5 Ne6 32. Kc3 Nd4 33. Nd5 Nb5+ 34.
Kd3 Na7 35. Nxf6 h5 36. Ne4+ Ke6 37. Nc5+ Kf5 38. Nxb7 Nc6 39. b5 axb5 40. cxb5 e4+ 41. Ke3 Ne5 42. a6 Nc4+ 43. Ke2 Nb6 44. a7 Ke5 45.
Nc5 Kd5 46. Nd7 Na8 47. Ke3 Kd6 48. Nf8 g5 49. Kxe4 Kc5 50. Kf5 g4 51. Kg5 1-0

[Event "Late-Titled-Tuesday-Blitz-May-07-2024"]
[Site "Chess.com"]
[Date "2024.05.07"]
[Round "7"]
[White "Yerkinio"]
[Black "gmcorrales"]
[Result "0-1"]
[WhiteElo "2679"]
[BlackElo "2878"]
[TimeControl "180+1"]
[EndTime "15:16:21 PDT"]
[Termination "gmcorrales won on time"]

1. e4 c5 2. Nf3 d6 3. d4 cxd4 4. Nxd4 Nf6 5. Nc3 a6 6. Bg5 Nbd7 7. Bc4 h6 8. Bxf6 Nxf6 9. Qe2 e6 10. O-O-O Qc7 11.
f4 b5 12. Bb3 b4 13. e5 bxc3 14. exf6 gxf6 15. f5 e5 16. Rhe1 Be7 17. Qh5 exd4 18. Qxf7+ Kd8 19. Rxd4 Bxf5 20. Qg7 Re8 21. Qf7 Ra7 22.
Red1 Bd7 23. Kb1 cxb2 24. Qh5 Rb7 25. Rc4 Qb6 26. Qf7 Rc7 27. Re4 Bf5 28. Re2 Bg4 29.
Rde1 Bxe2 30. Rxe2 Qb5 31. Qe6 Qg5 32. Re1 Rc5 33.
Ba4 Qf5 0-1

[Event "Late-Titled-Tuesday-Blitz-May-07-2024"]
[Site "Chess.com"]
[Date "2024.05.07"]
[Round "7"]
[White "remyrushbrooke"]
[Black "gabduschew"]
[Result "1-0"]
[WhiteElo "2311"]
[BlackElo "2410"]
[TimeControl "180+1"]
[EndTime "15:16:21 PDT"]
[Termination "remyrushbrooke won by resignation"]

1. d4 d5 2. Nc3 Nf6 3. Bg5 h6 4. Bxf6 exf6 5. e3 Bd6 6. Bd3 c6 7. h4 Na6 8. a3 Nc7 9. h5 Be6 10. Qf3 Qd7 11. Rh4 O-O-O 12. Nge2 Rhe8 13. Nf4 Bxf4 14. Qxf4 Qd6 15. Qxd6 Rxd6 16. O-O-O Bd7 17. Kb1 Ne6 18. Ne2 Ng5 19. Nf4 Ne4 20. Bxe4 Rxe4 21.
Rhh1 Bf5 22. Rdg1 b6 23. g4 Bd7 24. Kc1 c5 25. c3 cxd4 26. cxd4 Ba4 27. Kd2 Kb7 28. Rc1 Bd7 29. Rhg1 Be6 30. f3 Rxf4 31.
exf4 Bd7 32. g5 hxg5 33. fxg5 f5 34. f4 Bb5 35. Rce1 Ba4 36. Re7+ Ka6 37. Rxf7 Rc6 38.
Rc1 Re6 39. Rxf5 Bb5 40. Re1 1-0

[Event "Late-Titled-Tuesday-Blitz-May-07-2024"]
[Site "Chess.com"]
[Date "2024.05.07"]
[Round "7"]
[White "egnfanclub"]
[Black "MikeSailer"]
[Result "1-0"]
[WhiteElo "2331"]
[BlackElo "2120"]
[TimeControl "180+1"]
[EndTime "15:16:21 PDT"]
[Termination "egnfanclub won on time"]

1. e4 d5 2. exd5 Qxd5 3. Nc3 Qd6 4. g3 c6 5. Bg2 Nf6 6. d4 Bg4 7. Nge2 e6 8. O-O Qc7 9. h3 Bh5 10. Bf4 Bd6 11. Qd2 Bxf4 12. Nxf4 Bg6 13. Rfe1 Nbd7 14.
d5 cxd5 15. Nfxd5 Nxd5 16. Nxd5 Qd8 17. Qb4 Nb6 18. Qb5+ Kf8 19. Nxb6 Qxb6 20. Qxb6 axb6 21.
Bxb7 Rd8 22. Rad1 Ke7 23. c3 Bc2 24. Rxd8 Rxd8 25. Be4 Rd2 26. Bf3 Bg6 27. Re2 Rd1+ 28. Kg2 Rb1 29. Rd2 f6 30. a4 Be8 31. Be4 f5 32. Bxb1 1-0

[Event "Late-Titled-Tuesday-Blitz-May-07-2024"]
[Site "Chess.com"]
[Date "2024.05.07"]
[Round "7"]
[White "KebabJangles"]
[Black "Pidzsy"]
[Result "0-1"]
[WhiteElo "2374"]
[BlackElo "2586"]
[TimeControl "180+1"]
[EndTime "15:16:26 PDT"]
[Termination "Pidzsy won by checkmate"]

1. d4 g6 2. c4 Bg7 3. Nf3 d6 4. g3 e5 5. dxe5 dxe5 6. Qxd8+ Kxd8 7. Bg2 c6 8. O-O Nd7 9. Rd1 Kc7 10. Nc3 Ne7 11. Ne4 Rd8 12. b3 Nf5 13. Ba3 Bf8 14. Bxf8 Rxf8 15. g4 Ng7 16. h3 Ne6 17. e3 f5 18. Nd6 e4 19. Nh4 fxg4 20. hxg4 Ne5 21. Bxe4 Nxg4 22. Nf3 Nc5 23. Kg2 Be6 24. Bc2 Rad8 25.
Ne4 Nxe4 26. Bxe4 Nf6 27. Ng5 Bc8 28. Bf3 h6 29. Ne4 Nxe4 30. Bxe4 g5 31. f3 h5 32. Bg6 h4 33. Be4 Rxd1 34. Rxd1 Rd8 35. Rxd8 Kxd8 36.
f4 gxf4 37. exf4 Ke7 38. Kf3 Kf6 39. Ke3 Bf5 40. Bh1 Bb1 41. a3 Ba2 42. b4 Bxc4 43. Kd4 Bd5 44. Bxd5 cxd5 45. Kxd5 h3 46. Ke4 h2 47.
Kd5 h1=Q+ 48. Kd6 Qc6# 0-1

[Event "Late-Titled-Tuesday-Blitz-May-07-2024"]
[Site "Chess.com"]
[Date "2024.05.07"]
[Round "7"]
[White "cycygogne"]
[Black "Romadk"]
[Result "0-1"]
[WhiteElo "2173"]
[BlackElo "2493"]
[TimeControl "180+1"]
[EndTime "15:16:26 PDT"]
[Termination "Romadk won by resignation"]

1. e4 Nf6 2. e5 Nd5 3. d4 d6 4.
f4 g6 5. Nf3 Bg7 6. Bc4 Nb6 7.
Bb3 O-O 8. O-O Bg4 9. Be3 N8d7 10. Nbd2 c5 11. c3 cxd4 12. cxd4 d5 13. h3 Bxf3 14. Nxf3 Rc8 15. Rc1 e6 16. Qe1 Qe7 17. Qg3 a5 18. a3 a4 19. Ba2 Nb8 20. Ng5 Nc6 21. Bb1 Nc4 22. Rxc4 dxc4 23. Ne4 Rfd8 24. f5 exf5 25. Nd6 Rc7 26. Bxf5 Nxe5 27. Bxg6 hxg6 28. Nb5 Rcd7 29.
dxe5 Bxe5 30. Qg4 Bh2+ 31. Kxh2 Qxe3 32. Qxc4 Rd5 33. Nc7 R5d7 34. Nb5 Rf8 35. Nc3 Rd2 36. Nd5 Qe5+ 37. Kh1 Qxd5 0-1

[Event "Late-Titled-Tuesday-Blitz-May-07-2024"]
[Site "Chess.com"]
[Date "2024.05.07"]
[Round "7"]
[White "N_Mullodzhanov"]
[Black "carlsenCamacho"]
[Result "1-0"]
[WhiteElo "2559"]
[BlackElo "2330"]
[TimeControl "180+1"]
[EndTime "15:16:27 PDT"]
[Termination "N_Mullodzhanov won by checkmate"]

1. e4 e5 2. Nf3 Nc6 3. d4 exd4 4. Nxd4 Bc5 5. Be3 Qf6 6. c3 Nge7 7. Bc4 b6 8. O-O O-O 9. f4 Qh6 10. a3 d5 11.
exd5 Ne5 12. Be2 Nxd5 13. Bd2 Nc6 14. Bc1 Rd8 15. Bf3 Bb7 16. Kh1 Nxd4 17. cxd4 Be7 18. Nc3 Nxc3 19. bxc3 Bxf3 20. Qxf3 c5 21. d5 c4 22. Be3 Qd6 23. Rfd1 Bf6 24. Bd4 Qxd5 25. Qxd5 Rxd5 26. Bxf6 Rxd1+ 27. Rxd1 gxf6 28. Rd7 Re8 29. h3 Re3 30. Rxa7 Rxc3 31. a4 Rb3 32. Rb7 Rb4 33.
Kh2 Kg7 34. f5 Kh6 35. Rxf7 Kg5 36. g4 Rxa4 37. Rxh7 c3 38. Kg3 Ra3 39. h4# 1-0

[Event "Late-Titled-Tuesday-Blitz-May-07-2024"]
[Site "Chess.com"]
[Date "2024.05.07"]
[Round "7"]
[White "OriTaichman"]
[Black "AsaHoffmann"]
[Result "1-0"]
[WhiteElo "2611"]
[BlackElo "2414"]
[TimeControl "180+1"]
[EndTime "15:16:29 PDT"]
[Termination "OriTaichman won by resignation"]

1. e4 d6 2. d4 Nf6 3. Nc3 c6 4. Bg5 Nbd7 5. f4 b5 6. Bd3 e5 7. Nf3 Be7 8. Bxf6 Bxf6 9. dxe5 dxe5 10. f5 Qb6 11. Qd2 h6 12. g4 Nc5 13. h4 Ba6 14. b4 Nxd3+ 15. cxd3 O-O-O 16. Ke2 Kb8 17. g5 hxg5 18.
hxg5 Rxh1 19. Rxh1 Be7 20. Nxe5 Bxb4 21. a3 Ba5 22. Nxf7 Re8 23. g6 Qc7 24. Kf3 Bb7 25. Qc2 Qe7 26. Ne2 Bb6 27. Rh7 Qf6 28. Qc3 Qxc3 29.
Nxc3 Rg8 30. e5 a5 31. f6 b4 32. Ne4 c5 33. fxg7 Ka7 34. axb4 cxb4 35. Nh6 Re8 36.
g8=Q Rxg8 37. Nxg8 b3 38. Ke2 b2 39. Nd2 Bd4 40. e6 a4 41. e7 Bc6 42. e8=Q+ Kb6 43. Qe6 a3 44. Nc4+ Kc5 45. Nxa3 b1=Q 46. Qe7+ Kb6 47.
Nxb1 Bc5 48. Qd8+ Kb5 49. Qb8+ Ka4 50. Ra7+ Bxa7 51. Qxa7+ Kb3 52. Nd2+ Kc3 53. Qc5+ Kb2 54. Qxc6 Ka2 55. Qb7 1-0

[Event "Late-Titled-Tuesday-Blitz-May-07-2024"]
[Site "Chess.com"]
[Date "2024.05.07"]
[Round "7"]
[White "MathiasWomacka"]
[Black "Emp3rador"]
[Result "1/2-1/2"]
[WhiteElo "2551"]
[BlackElo "2633"]
[TimeControl "180+1"]
[EndTime "15:16:31 PDT"]
[Termination "Game drawn by repetition"]

1. e4 d5 2. exd5 Qxd5 3. Nc3 Qd6 4. d4 Nf6 5. Nf3 a6 6. g3 b5 7. Bg2 Bb7 8. O-O Nbd7 9. Bf4 Qb6 10. Ne5 Rd8 11.
Bxb7 Qxb7 12. Qe2 e6 13. Rfe1 Nxe5 14. dxe5 Nd5 15. Nxd5 Rxd5 16. c4 bxc4 17. Qxc4 Bc5 18. b3 O-O 19. Rad1 Rfd8 20. Rxd5 Rxd5 21. Qe2 Qb6 22.
Kg2 h6 23. h4 Qc6 24. Qe4 Qd7 25. Rc1 Rd4 26. Qf3 Bb6 27. Rc2 Rd3 28. Qe4 a5 29. h5 Rd4 30. Qf3 a4 31. Rc4 Rxc4 32. bxc4 Qd4 33. Qc6 Qxf2+ 34. Kh3 Qf1+ 35. Kg4 Qe2+ 36. Kh4 Qh2+ 37. Kg4 Qe2+ 38. Kh4 Qxa2 39. Qe8+ Kh7 40.
Qxf7 Qxc4 41. Qg6+ Kh8 42. Qe8+ Kh7 43. Qg6+ Kh8 44.
Qe8+ Kh7 45. Qg6+ 1/2-1/2

[Event "Late-Titled-Tuesday-Blitz-May-07-2024"]
[Site "Chess.com"]
[Date "2024.05.07"]
[Round "7"]
[White "GMRafpig"]
[Black "m_ezat"]
[Result "1-0"]
[WhiteElo "2734"]
[BlackElo "2572"]
[TimeControl "180+1"]
[EndTime "15:16:37 PDT"]
[Termination "GMRafpig won by resignation"]

1. c4 Nf6 2. Nc3 g6 3. g3 Bg7 4. Bg2 O-O 5. d4 d6 6. h3 Nc6 7. Nf3 a6 8. O-O Bd7 9. e4 e5 10. d5 Nd4 11. Nxd4 exd4 12. Qxd4 Qc8 13. e5 dxe5 14. Qh4 Nh5 15. g4 Nf4 16. Bxf4 exf4 17.
Rae1 Re8 18. Ne4 Qd8 19. g5 h5 20. Nf6+ Bxf6 21. gxf6 Bf5 22. Qg5 Kh7 23. Rxe8 Qxe8 24.
Qxf4 Qd7 25. Re1 Re8 26. Rxe8 Qxe8 27. Qxc7 Qe1+ 28. Kh2 Qxf2 29. Qxf7+ Kh6 30. Qc7 h4 31. f7 Kg7 32. Qe7 Qf4+ 33. Kg1 Qd4+ 34. Kh1 1-0

[Event "Late-Titled-Tuesday-Blitz-May-07-2024"]
[Site "Chess.com"]
[Date "2024.05.07"]
[Round "7"]
[White "TheoSlade"]
[Black "StellarChess"]
[Result "1/2-1/2"]
[WhiteElo "2475"]
[BlackElo "2613"]
[TimeControl "180+1"]
[EndTime "15:16:37 PDT"]
[Termination "Game drawn by agreement"]

1. d4 Nf6 2. c4 e6 3. g3 d5 4.
Bg2 dxc4 5. Nf3 a6 6. O-O b5 7. b3 cxb3 8. axb3 Bb7 9. Bg5 Be7 10. Nc3 O-O 11. Qc2 h6 12. Bxf6 Bxf6 13. Rfd1 Nd7 14. Ne4 Rc8 15. Nc5 Nxc5 16. Qxc5 Qd6 17. Rac1 Rfd8 18.
e3 Qxc5 19. Rxc5 Be7 20. Rcc1 c5 21. dxc5 Rxd1+ 22. Rxd1 Bxc5 23. Ne5 Bxg2 24. Kxg2 f6 25. Nd3 Bd6 26. Nf4 Bxf4 27. gxf4 Ra8 28. Rd6 a5 29. Rxe6 a4 30. bxa4 bxa4 31. Rd6 a3 32.
Rd1 a2 33. Ra1 Kf7 34. Kf3 f5 35. Ke2 Kg6 36. Kf3 Kh5 37. Kg3 g5 38. fxg5 hxg5 39. f3 Ra3 40. h3 f4+ 41. exf4 gxf4+ 42. Kxf4 Kh4 43. Ke4 Kxh3 44. f4 Kg4 45. f5 Ra4+ 46. Ke5 Ra5+ 47. Ke6 Kg5 48. f6 Ra6+ 49. Ke7 Ra7+ 50.
Ke6 Ra6+ 51. Ke7 Ra7+ 1/2-1/2

[Event "Late-Titled-Tuesday-Blitz-May-07-2024"]
[Site "Chess.com"]
[Date "2024.05.07"]
[Round "7"]
[White "DrVelja"]
[Black "LikeWater"]
[Result "0-1"]
[WhiteElo "2968"]
[BlackElo "2710"]
[TimeControl "180+1"]
[EndTime "15:16:39 PDT"]
[Termination "LikeWater won by checkmate"]

1. e4 e5 2. Nf3 Nc6 3. Bb5 a6 4. Ba4 Nf6 5. O-O Be7 6. Re1 b5 7. Bb3 d6 8. a4 Bd7 9. d3 O-O 10. c3 Na5 11. Bc2 c5 12. Bg5 Nc6 13. Nbd2 Nh5 14.
axb5 Bxg5 15. bxc6 Bxc6 16. Nc4 Nf4 17. g3 Ne6 18. Nxg5 Nxg5 19. Ne3 a5 20. Ba4 Bb7 21. Bb3 Ne6 22. Bd5 Bxd5 23. Nxd5 Nc7 24. Nb6 Ra6 25.
Nc4 Qa8 26. Qa4 Rb8 27. Ra2 h6 28. Rea1 d5 29. exd5 Qxd5 30. Qc2 Ne6 31. h4 Nf4 32. Ne3 Qf3 33. Kh2 Ne2 34. Rf1 Rg6 35. Qd1 Rxg3 36. Qxe2 Rh3+ 37. Kg1 Rh1# 0-1

[Event "Late-Titled-Tuesday-Blitz-May-07-2024"]
[Site "Chess.com"]
[Date "2024.05.07"]
[Round "7"]
[White "APOKALIPSA13"]
[Black "Flaccidmoves"]
[Result "1-0"]
[WhiteElo "2202"]
[BlackElo "2373"]
[TimeControl "180+1"]
[EndTime "15:16:40 PDT"]
[Termination "APOKALIPSA13 won on time"]

1. e4 d5 2. exd5 Nf6 3. Nc3 Nxd5 4. Nf3 Bg4 5. Bc4 e6 6. Qe2 Be7 7. Bxd5 exd5 8. Qb5+ c6 9. Qxb7 Bxf3 10. Qxa8 Qc7 11.
gxf3 O-O 12. O-O Nd7 13. Nxd5 cxd5 14. Qxd5 Nf6 15. Qf5 g6 16. Qh3 Nh5 17. d4 Qxc2 18. Bh6 Rd8 19. Rae1 Bf6 20. Rc1 Qxb2 21. Rc8 Qxd4 22.
Rfc1 Nf4 23. Rxd8+ Bxd8 24. Bxf4 Qxf4 25. Rc8 Qg5+ 26. Qg4 Qe7 27. Qd4 Qg5+ 28. Kf1 Qb5+ 29. Qc4 Qxc4+ 30. Rxc4 Bb6 31. a4 Kg7 32. Rc6 h5 33.
Kg2 g5 34. h4 gxh4 35. Rc4 Kg6 36. Rxh4 f5 37. Rc4 Kg5 38. f4+ Kg4 39. f3+ Kh4 40.
Rc1 1-0

[Event "Late-Titled-Tuesday-Blitz-May-07-2024"]
[Site "Chess.com"]
[Date "2024.05.07"]
[Round "7"]
[White "nindjaxx8"]
[Black "XDPS"]
[Result "0-1"]
[WhiteElo "2637"]
[BlackElo "2833"]
[TimeControl "180+1"]
[EndTime "15:16:41 PDT"]
[Termination "XDPS won by checkmate"]

1. d4 d5 2. c4 e6 3. Nc3 h6 4. Nf3 Nf6 5. Bf4 Bd6 6. Bxd6 Qxd6 7. e3 O-O 8. Be2 Rd8 9. O-O a6 10. c5 Qe7 11. Rc1 Nc6 12. a3 e5 13. b4 Bg4 14.
dxe5 Nxe5 15. Nxe5 Bxe2 16. Nxe2 Qxe5 17. Nd4 h5 18. h3 h4 19. Qf3 g6 20. Rfd1 Kg7 21. Ne2 Ne4 22. Rd4 c6 23. Rcd1 Re8 24. Qf4 Qe7 25.
R4d3 a5 26. Nc3 axb4 27. axb4 Nxc3 28. Rxc3 Qe4 29. Rd4 Qb1+ 30. Kh2 Ra1 31. Qxh4 Qh1+ 32. Kg3 Rg1 33. Kf3 Qxg2+ 34. Ke2 Qf1+ 35. Kf3 Rh8 36. Qe7 Rxh3+ 37. Kf4 Rh5 38. Kf3 Rg3+ 39. Kxg3 Qh3+ 40. Kf4 Rf5# 0-1

[Event "Late-Titled-Tuesday-Blitz-May-07-2024"]
[Site "Chess.com"]
[Date "2024.05.07"]
[Round "7"]
[White "MuhittinBuker"]
[Black "ploxoi"]
[Result "1-0"]
[WhiteElo "2217"]
[BlackElo "2327"]
[TimeControl "180+1"]
[EndTime "15:16:41 PDT"]
[Termination "MuhittinBuker won on time"]

1. d4 d5 2. c4 e6 3. Nc3 c6 4. cxd5 exd5 5. Nf3 Bf5 6. Bf4 Bd6 7. Bxd6 Qxd6 8. e3 Nf6 9. Bd3 Bxd3 10. Qxd3 Nbd7 11. O-O O-O 12. b4 Nb6 13. b5 c5 14. dxc5 Qxc5 15. Nd4 Rac8 16. Rac1 Ne4 17. Nce2 Qb4 18. Nf5 Rfd8 19.
Rxc8 Rxc8 20. a3 Qc5 21. h3 Qf8 22. a4 Rd8 23. a5 Nc4 24. a6 bxa6 25. bxa6 Qb4 26.
Rb1 Qa5 27. Qd4 Nf6 28. Nh6+ gxh6 29. Qxf6 Re8 30. Rb7 Rf8 31. Nf4 Qe1+ 32. Kh2 Qxf2 33.
Qxh6 Nxe3 34. Qg5+ Kh8 35. Nh5 Nf1+ 36. Kh1 Qd4 37. Nf6 Qa1 38. Rxf7 Ne3+ 39. Kh2 Nf1+ 40. Kg1 1-0

[Event "Late-Titled-Tuesday-Blitz-May-07-2024"]
[Site "Chess.com"]
[Date "2024.05.07"]
[Round "7"]
[White "Arteler"]
[Black "protectiago"]
[Result "0-1"]
[WhiteElo "2267"]
[BlackElo "2070"]
[TimeControl "180+1"]
[EndTime "15:16:41 PDT"]
[Termination "protectiago won on time"]

1. d4 d5 2. c4 dxc4 3. e3 e6 4.
Bxc4 Nf6 5. Nc3 Be7 6. Nf3 O-O 7. O-O c5 8. dxc5 Bxc5 9. Qc2 Nbd7 10. Rd1 Qe7 11. a3 a6 12. b4 Ba7 13. Bb2 b5 14. Bd3 Bb7 15. Ne4 Rac8 16. Qb1 h6 17. Nxf6+ Nxf6 18. Nd4 Bb8 19. Ne2 Ng4 20. Ng3 Qh4 21.
Be4 Qxh2+ 22. Kf1 Bxg3 23. Bxb7 Rc7 24. Qe4 Nxf2 25. Qf3 Nxd1 26. Rxd1 Rc2 27. Rd2 Rxd2 0-1

[Event "Late-Titled-Tuesday-Blitz-May-07-2024"]
[Site "Chess.com"]
[Date "2024.05.07"]
[Round "7"]
[White "dealshark"]
[Black "schondeln"]
[Result "1-0"]
[WhiteElo "2534"]
[BlackElo "2349"]
[TimeControl "180+1"]
[EndTime "15:16:42 PDT"]
[Termination "dealshark won on time"]

1. e4 d5 2. exd5 Qxd5 3. Nc3 Qa5 4. d4 Nf6 5. Nf3 Bf5 6. Bc4 e6 7. Bd2 Bb4 8. O-O O-O 9. a3 Bxc3 10. Bxc3 Qb6 11. Qe2 Nc6 12. Rad1 Rad8 13. h3 Rfe8 14. b4 a6 15. Rfe1 h6 16. Bb3 Be4 17. Ba4 Rf8 18. Bb2 a5 19. c3 axb4 20. axb4 Bxf3 21. Qxf3 Ne7 22. Bc2 Qd6 23. Bc1 Ned5 24. g3 b5 25.
Re5 Rfe8 26. Rde1 c6 27. g4 g5 28. Qd3 Ra8 29. Bd2 Ra2 30. Bb1 Rb2 31. Bc1 Rb3 32.
Bd2 Nxb4 33. Qg3 Qe7 34. h4 Nbd5 35. hxg5 hxg5 36. Bxg5 Qf8 37. Qh4 Qg7 38. Bxf6 Qxf6 39. g5 Qg7 40. g6 1-0